[Event "Icelandic Chess-ch 2023"]
[Site "Hafnarfjordur"]
[Date "2023.05.23"]
[Round "9.2"]
[White "Gretarsson, Hjorvar Steinn"]
[Black "Stefansson, Hannes"]
[Result "0-1"]
[ECO "E32"]
[WhiteElo "2539"]
[BlackElo "2521"]
[Annotator "TA"]
[PlyCount "132"]
[EventDate "2023.05.13"]
[EventType "tourn"]
[EventCountry "ISL"]
[SourceTitle "playchess.com"]
[Source "ChessBase"]
[SourceQuality "1"]
[TimeControl "40/5400+30:1800+30"]

1. d4 Nf6 2. c4 e6 3. Nc3 Bb4 4. Qc2 O-O 5. e4 d5 6. e5 Ne4 7. Bd3 c5 $1 8. Nf3 {[%emt 0:00:05] E32: Nimzo-Indian: Classical (4 Qc2): 4...0-0.} cxd4 9. Nxd4 Nd7 10. Bf4 {[%emt 0:00:07] The position is equal.} Qh4 11. g3 Qh5 12. O-O g5 13. cxd5 gxf4 14. Bxe4 ({Reject} 14. Nxe4 exd5 15. Nf6+ Nxf6 16. exf6 Bh3 $11) ({Better is} 14. dxe6 $14 fxe6 15. Nxe4 (15. Bxe4 Nxe5 16. h4 Bd7 $15) 15... Nxe5 16. Qb3) 14... Nxe5 $15 {[%emt 0:09:12][%cal Bd7e5,Be5g4,Bg4e3,Be3f1][%mdl 32] [#]} 15. gxf4 $146 {[%emt 0:42:51] [#]} (15. Rad1 $15) ({Predecessor:} 15. dxe6 Bxe6 16. Nce2 Ng4 17. Nf3 fxg3 18. hxg3 Rac8 19. Qa4 Bd6 20. Rac1 Rxc1 21. Rxc1 Ne5 22. Rc3 {½-½ So,W (2770)-Grischuk,A (2777) Saint Louis Blitz 2020 (15)}) 15... Ng4 $1 $19 16. f3 Ne3 17. Qd3 Nxf1 18. Rxf1 (18. Qxf1 $142 Bd6 19. Nde2) 18... Bxc3 ({Stronger than} 18... f5 19. dxe6 fxe4 20. Nxe4 $17) 19. Qxc3 e5 $2 (19... exd5 $19 {is more deadly.} 20. Rf2 Bh3 21. Rg2+ Bxg2) 20. fxe5 $17 Bh3 (20... Qxe5 $17 {Hoping for ...Bh3.} 21. Re1 Kh8) 21. Rd1 (21. Re1 $1 $11 {remains equal.}) 21... Qg5+ 22. Kf2 {[%emt 0:00:05] Threatens to win with Rg1.} Qxe5 23. Rg1+ Kh8 {[%emt 0:00:06] Really sharp!} 24. Rg3 ({White should try} 24. Ne2 $15 Qxc3 25. Nxc3) 24... Bd7 {[%emt 0:01:41] White must now prevent ...f5.} 25. Nf5 {[%emt 0:02:21] [#]} Qxc3 26. bxc3 Bxf5 27. Bxf5 {[%emt 0:00:04][%mdl 4096] Endgame KRR-KRB} Rad8 28. c4 b5 29. Ke3 (29. Bd3 $17 {keeps fighting.}) 29... bxc4 $19 30. Kd4 Rd6 31. Rh3 (31. Kxc4 $17 Rfd8 32. Be4) 31... Rfd8 32. Rxh7+ Kg8 33. Be4 {[%emt 0:01:01] [#]} (33. Kxc4 {was necessary.} Rxd5 34. Rh5) 33... f5 $1 {[%emt 0:05:03][%cal Of5e4][%mdl 512] ...fxe4! would be deadly.} 34. Rxa7 (34. Rc7 $142 fxe4 35. fxe4) (34. Rh3 fxe4) 34... fxe4 35. fxe4 Rc8 {[%emt 0:01:06] And now ...c3 would win.} 36. Ra3 Rh6 37. h3 Rh4 {[%emt 0:01:18][%cal Oc4c3] Strongly threatening ...c3!} 38. d6 {[%emt 0:00:21] [#]} c3 $1 39. Rxc3 Re8 40. Re3 Kf7 41. Kd5 Ra8 42. Rf3+ Ke8 43. e5 Rh6 (43... Rxa2 {...Ra5+ is the strong threat.} 44. Rf6 Rxh3 45. Re6+ Kd8) 44. Rf5 $2 (44. Rc3) 44... Rxa2 45. Rg5 Rxh3 46. Rg6 Rd2+ 47. Ke6 Rh8 48. Rg7 Rh6+ 49. Kf5 Rf2+ 50. Ke4 Rh4+ 51. Kd5 Rd2+ $2 (51... Ra2 $19 {has better winning chances. ( -> ...Ra5+)} 52. Re7+ Kd8) 52. Ke6 $17 Rh6+ 53. Kf5 Rd5 54. Ke4 Rd1 55. Kf5 Rd5 (55... Re1 $142 56. Rg8+ Kd7 57. Rg7+ Kc6 58. Re7 Rf1+ 59. Ke4 Rh4+ 60. Kd3 Rf3+ 61. Ke2 Ra3 62. Kf2 Rh2+ 63. Kg1 Rd2 64. Rf7 Raa2 65. Rf8 Kd5 66. e6 Rd1+ 67. Rf1 Rxf1+ 68. Kxf1 Kxe6 69. d7 Kxd7 70. Kg1 Ke6 71. Kf1 Ke5 72. Ke1 Ke4 73. Kd1 Kd3 74. Ke1 Rb2 75. Kf1 Ke3 76. Kg1 Kf3 77. Kh1 Kg3 78. Kg1 Rb1#) 56. Ke4 $1 $19 Rd2 57. Kf5 $1 Rf2+ 58. Ke4 Rh1 59. Kd5 Re2 60. Rg5 {[%emt 0:02:15] Wards off Rh5} Rd2+ 61. Ke4 Re1+ {[%emt 0:00:38] Black mates.} 62. Kf5 Kf7 63. e6+ Rxe6 64. Rg7+ Kxg7 65. Kxe6 Re2+ 66. Kd7 Kf7 {[%emt 0:00:05] Weighted Error Value: White=0.78/Black=0.22 (precise)} 0-1

[Event "Icelandic Chess-ch 2023"]
[Site "Hafnarfjordur"]
[Date "2023.05.23"]
[Round "9.3"]
[White "Hjartarson, Johann"]
[Black "Thorfinnsson, Bragi"]
[Result "1-0"]
[ECO "D37"]
[WhiteElo "2466"]
[BlackElo "2431"]
[Annotator "TA"]
[PlyCount "67"]
[EventDate "2023.05.13"]
[EventType "tourn"]
[EventCountry "ISL"]
[SourceTitle "playchess.com"]
[Source "ChessBase"]
[SourceQuality "1"]
[TimeControl "40/5400+30:1800+30"]

1. d4 {[%emt 0:00:15] ChessBase II} Nf6 2. c4 e6 3. Nf3 d5 4. Nc3 h6 5. e3 Bd6 6. Bd3 {[%emt 0:02:46] D37: Queen's Gambit Declined: 5 Bf4.} O-O 7. O-O (7. c5 $5 Be7 8. b4 $14) 7... dxc4 8. Bxc4 {[%emt 0:00:21] With the idea e4. The position is equal.} Nc6 9. a3 a6 10. b4 {[%emt 0:01:55] [#]} e5 $146 {[%emt 0:02:04] Strongly threatening ...e4.} ({Predecessor:} 10... b5 11. Bd3 Bb7 12. e4 Nxd4 13. Nxd4 Bxh2+ 14. Kxh2 Qxd4 15. Qc2 Rad8 16. Rd1 Qe5+ {1-0 Svenske,J (1583)-Nyaas,J NOR-ch Seniors-A 2015 (4)}) 11. h3 Bf5 12. Bb2 e4 13. Nd2 Qd7 14. f3 exf3 15. Qxf3 Bg6 16. Nd5 Nxd5 17. Bxd5 Nd8 (17... a5 $5 ) 18. e4 c6 19. Ba2 (19. Bb3 {simplifies} Ne6 20. Rad1 Bc7 21. Qe3) 19... Bc7 (19... Ne6 {simplifies} 20. Qe3 Bc7 21. Rad1 Qe7) 20. d5 cxd5 $1 21. Bxd5 (21. Bxg7 $2 Kxg7 22. Qf6+ Kh7 23. exd5 a5 $19) 21... Kh7 22. Nc4 (22. Bxg7 $2 Kxg7 23. Nc4 Nc6 $19) 22... Rc8 23. Rad1 {[%emt 0:01:13] Black must now prevent h4.} ({Avoid the trap} 23. Bxg7 $2 Kxg7 24. Qf6+ Kh7 $19) 23... Qe7 24. e5 $40 {[%emt 0:02:04][%cal Be4e5,Be5d6][%mdl 160] Black needs to defend precisely. White has more active pieces. The black rooks are badly placed.} ({Reject} 24. Qc3 f6 25. e5 Bxe5 $11) 24... Nc6 25. Rfe1 Qg5 ({Black should try} 25... Bb8 $14) 26. Nd6 Bxd6 (26... Bb6+ $16 27. Kh1 Rc7) 27. exd6 $18 {[%emt 0:00:10] d7 is the strong threat.} Bh5 (27... Rcd8 $142 28. Bxc6 bxc6) 28. Qd3+ Kg8 $2 {[%emt 0:00:30] [#]} (28... Bg6 29. Qc3 Bf5) 29. Rd2 Rcd8 30. Re3 $2 (30. Rf2 $18 {and White stays clearly on top.}) 30... Rxd6 $16 31. Rg3 {[%emt 0:00:41] The board is on fire.} Ne5 $2 32. Rxg5 $18 Nxd3 33. Rxg7+ Kh8 34. Rxd3 {[%emt 0:00:19] Artfully played by Hjartarson.   Weighted Error Value: White=0.35/Black=0.53} 1-0

[Event "Icelandic Chess-ch 2023"]
[Site "Hafnarfjordur"]
[Date "2023.05.23"]
[Round "9.4"]
[White "Stefansson, Vignir Vatnar"]
[Black "Ingvason, Johann"]
[Result "1-0"]
[ECO "A11"]
[WhiteElo "2470"]
[BlackElo "2076"]
[Annotator "TA"]
[PlyCount "115"]
[EventDate "2023.05.13"]
[EventType "tourn"]
[EventCountry "ISL"]
[SourceTitle "playchess.com"]
[Source "ChessBase"]
[SourceQuality "1"]
[TimeControl "40/5400+30:1800+30"]

1. c4 Nf6 2. Nf3 c6 3. g3 d5 4. Bg2 Bf5 5. Qb3 Qb6 6. d3 e6 {[%emt 0:01:20] A11: English Opening: 1...c6.} 7. Be3 Qxb3 8. axb3 Nbd7 {[%emt 0:02:44] White is slightly better.} 9. O-O (9. Bxa7 $2 Bc5 10. O-O Rxa7 $19) 9... a6 10. Nh4 Bg6 (10... Bg4 $5 11. f3 Bh5 $11) 11. Nc3 Be7 12. h3 O-O 13. f4 Nh5 14. Nxg6 hxg6 15. g4 Nhf6 {[%emt 0:00:10] [#]} 16. Bf2 $146 ({Predecessor:} 16. Rfd1 Rfd8 17. Bf2 Bd6 18. e3 Bxf4 19. d4 Bd6 20. c5 Bc7 21. b4 Ne8 22. g5 {1-0 Safyanovsky,M (2241)-Kleibel,U (2065) Bayern-ch 81st 2010 (2)}) 16... Bd6 17. Be3 Rfe8 18. d4 Bc7 19. Bd2 Rad8 20. e3 Nb6 21. Na4 (21. c5 $14 Nc8 22. Bf3) 21... Nc8 (21... Nxa4 $11 22. Rxa4 Ne4 23. Bxe4 dxe4) 22. g5 (22. Be1 $14) 22... Nd7 $11 23. Rac1 Ne7 24. Rfe1 Bb8 25. Ba5 Rc8 26. Rc3 Ba7 27. Bb4 Nf5 28. Rd3 Bb8 29. Kf2 $1 Nd6 (29... f6 $15) 30. Rc1 Nf5 31. Bf3 Ba7 (31... f6 $15) 32. Rdd1 {[%emt 0:04:05] [#]} e5 $1 33. fxe5 Nxe5 34. dxe5 Bxe3+ 35. Kf1 $1 Bxc1 (35... Bxg5 36. Bd2 Ne3+ 37. Bxe3 Bxe3 38. Rc2 $16) 36. Rxc1 Rxe5 37. Nb6 Rce8 {[%emt 0:00:16] Strongly threatening ...Re3.} 38. cxd5 cxd5 39. Re1 {[%emt 0:02:10] [#]} (39. Rc7 $11 {keeps the balance.}) 39... Ne3+ ({Black should try} 39... Ng3+ $1 $17 40. Kg2 Rxe1 41. Bxe1 Rxe1 42. Kxg3 Re3) 40. Kf2 d4 {[%emt 0:00:06] And now ...Rb5 would win.} 41. Nc4 Rxg5 42. Bd2 Rd8 43. Bxb7 (43. Nxe3 {simplifies} dxe3+ 44. Bxe3 Rb5 45. Rd1) 43... Rb8 (43... Rb5 {simplifies} 44. Bxa6 Nxc4 45. Bxb5 Nxd2 46. b4 Rb8) 44. Bxa6 $2 {[%emt 0:00:00] [#]} (44. Be4 $11) 44... Rg2+ $2 (44... Rxb3 45. Nxe3 (45. Bxe3 Rf5+ 46. Kg2 dxe3 $15) 45... dxe3+ 46. Bxe3 Rxb2+ 47. Re2 Rf5+ 48. Kg2 Rxe2+ 49. Bxe2 $15) (44... Rf5+ $1 $19 45. Ke2 Rf6) 45. Kf3 Nxc4 46. Bf4 Rxb3+ 47. Kxg2 Rxb2+ 48. Kf3 Nd2+ 49. Bxd2 Rxd2 $16 {[%emt 0:00:06][%mdl 4096] Endgame KRB-KR} 50. Bc4 Kf8 {[%emt 0:05:51] Prevents Re8+.} 51. Ra1 {[%emt 0:00:00] Threatens to win with Ra8+.} f5 $1 52. Kf4 {[%emt 0:00:00] Hoping for Ke5.} Rc2 53. Ra4 {[%emt 0:00:00] Black must now prevent Ke5.} Rc3 54. Ke5 {[%emt 0:00:00] Kd6 would kill now.} Ke7 (54... d3 $2 55. Kd6 Rxc4 56. Rxc4 Kg8 57. Ke5 Kh7 58. Rh4+ Kg8 59. Rd4) (54... g5 $16) 55. Ra7+ $18 (55. Kxd4 Rxh3 56. Ra6 Rh4+ 57. Kd5 g5 $11) 55... Kd8 56. Be6 {[%emt 0:00:36] White threatens Kd6 and mate.} ({Weaker is} 56. Kxd4 Rxh3 57. Bd5 (57. Rxg7 g5 $16) 57... Rh6 $16) 56... Rc6 (56... Re3+ $2 57. Kd6 (57. Kxd4 Rxe6 58. Kd5 Rf6 $11) 57... Rxe6+ 58. Kxe6 Kc8 59. Rxg7 f4 60. Rd7 f3 61. Rxd4) (56... Rc7 57. Ra4 Ke7 58. Rxd4 Ra7) 57. Rd7+ Ke8 58. Rxg7 {[%emt 0:00:37] Weighted Error Value: White=0.19 (very precise) /Black=0.21 (precise)} 1-0

[Event "Icelandic Chess-ch 2023"]
[Site "Hafnarfjordur"]
[Date "2023.05.23"]
[Round "9.5"]
[White "Kjartansson, Gudmundur"]
[Black "Domalchuk-Jonasson, Aleksandr"]
[Result "1/2-1/2"]
[ECO "D36"]
[WhiteElo "2402"]
[BlackElo "2338"]
[Annotator "TA"]
[PlyCount "146"]
[EventDate "2023.05.13"]
[EventType "tourn"]
[EventCountry "ISL"]
[SourceTitle "playchess.com"]
[Source "ChessBase"]
[SourceQuality "1"]
[TimeControl "40/5400+30:1800+30"]

1. c4 e6 2. Nc3 d5 3. d4 Nf6 4. cxd5 exd5 5. Bg5 Be7 6. e3 O-O 7. Bd3 Re8 8. Nge2 c6 9. Qc2 h6 10. Bh4 a5 {[%emt 0:00:30] D36: Queen's Gambit Declined: Exchange Variation: Main line (5 Bg5 c6 6 Qc2).} 11. O-O Na6 12. a3 {[%emt 0:01:08] Dodges Nb4} Nc7 13. Rad1 Ne6 14. f3 b5 15. Bf2 Ba6 {[%emt 0:03:10] [#]} 16. Ng3 $146 ({Predecessor:} 16. Nc1 Qb8 17. N3e2 c5 18. dxc5 Bxc5 19. Nb3 Bb6 20. Qd2 a4 21. Nbd4 Nxd4 22. Nxd4 Bxd4 23. exd4 {½-½ Cvitan,O (2446)-Acikel,M (2197) EU-Cup 37th Mayrhofen 2022 (5.5)}) 16... Bf8 17. h3 Qb8 18. Rfe1 b4 19. axb4 axb4 20. Nce2 Bxd3 21. Qxd3 c5 22. dxc5 Nxc5 23. Qb1 Qe5 24. Nd4 Ne6 25. Ngf5 {[%emt 0:14:00] Strongly threatening Bg3.} Nxd4 26. exd4 Qc7 27. Bg3 Qb6 28. Be5 Nd7 29. Kh1 g6 30. Ng3 (30. Ne3 $5 ) 30... Bg7 31. Bxg7 Kxg7 32. Qd3 Qd6 33. Nf1 Nf6 34. g4 (34. g3 $11) 34... Qf4 ({Black should try} 34... Nd7 $17 35. Qd2 Nb6) 35. Kg2 $11 h5 36. Rxe8 $1 Rxe8 37. Qd2 $1 Qxd2+ 38. Rxd2 hxg4 39. hxg4 {[%emt 0:00:05][%mdl 4096] Endgame KRN-KRN} Nd7 40. Kf2 Nb6 41. b3 Rc8 {[%emt 0:10:19] Prevents Rc2} 42. Ra2 Ra8 43. Rc2 Ra3 44. Nd2 Ra5 45. Rc7 {[%emt 0:00:36] Against Nd7} Kf8 46. Rb7 Ra6 47. Nf1 $1 f6 48. Ne3 Ke8 49. Kg3 Kd8 {[%emt 0:00:33] [#]} 50. Rf7 {[%emt 0:01:41] White is much more active.} ({Better is} 50. Nc2 $1 $16 Nc8 51. Rb5 (51. Nxb4 Rd6 $16)) 50... Nd7 {[%emt 0:00:52] [#]} (50... Ra3 $11 {keeps the balance.}) 51. Nxd5 (51. Rg7 $1 $16) 51... Rd6 52. Nxb4 {[%emt 0:00:49] Black must now prevent Rg7.} Ke8 53. Rh7 Rxd4 54. Nc2 Rd3 {[%emt 0:00:31] The position is equal.} 55. b4 Rb3 56. Rh8+ Kf7 57. Rh7+ Ke8 58. Nd4 Rxb4 59. Rh8+ Kf7 60. Rh7+ Ke8 61. Nc6 Rb6 62. Re7+ Kf8 63. Rxd7 Rxc6 {[%emt 0:00:05] KR-KR} 64. Kf4 Rc4+ 65. Ke3 Ra4 66. Rb7 Kg8 67. f4 Kf8 68. Rd7 g5 69. fxg5 Rxg4 70. gxf6 Rg6 71. Rd6 Kf7 72. Ke4 Rxf6 73. Rxf6+ Kxf6 {[%emt 0:00:06] Weighted Error Value: White=0.12 (very precise) /Black=0.12 (very precise)} 1/2-1/2

[Event "Icelandic Chess-ch 2023"]
[Site "Hafnarfjordur"]
[Date "2023.05.23"]
[Round "9.6"]
[White "Ragnarsson, Dagur"]
[Black "Danielsen, Henrik"]
[Result "1/2-1/2"]
[ECO "A21"]
[WhiteElo "2346"]
[BlackElo "2501"]
[Annotator "TA"]
[PlyCount "165"]
[EventDate "2023.05.13"]
[EventType "tourn"]
[EventCountry "ISL"]
[SourceTitle "playchess.com"]
[Source "ChessBase"]
[SourceQuality "1"]
[TimeControl "40/5400+30:1800+30"]

1. d4 d6 2. c4 e5 3. Nc3 exd4 4. Qxd4 Nf6 5. Nf3 Nc6 6. Qd2 {[%emt 0:04:55] A21: English Opening: 1...e5 2 Nc3.} Be6 7. e4 Be7 8. b3 {[%emt 0:06:22] [#]} a5 $146 ({Predecessor:} 8... Nd7 9. Be2 O-O 10. O-O Bf6 11. Ba3 a5 12. Rae1 Re8 13. Nd5 Bg4 14. h3 Bxf3 15. Bxf3 {½-½ Diaz,H (2237)-Giesel,M (2253) GER-PAN email 2018 [10]}) 9. Bb2 a4 10. Rd1 axb3 11. axb3 O-O 12. Be2 Re8 (12... Nd7 {feels hotter.} 13. Nd5 Nc5 14. O-O Ra2) 13. O-O Nd7 14. Nd5 Nc5 15. Qc3 (15. Qc2 $14) 15... Bf8 (15... Bf6 $1 $15 16. Nxf6+ Qxf6) 16. Nd2 $11 Ne5 17. Ra1 Rxa1 18. Rxa1 Bxd5 (18... Ng6 $11) 19. exd5 (19. cxd5 $14 c6 20. b4) 19... Qd7 (19... Be7 $11) 20. Qc2 $14 Ng6 21. Bf1 Qg4 22. h3 Qg5 23. Nf3 (23. b4 {keeps more tension.} Nf4 24. g3 Na6 25. Nf3) 23... Qd8 24. b4 Nd7 25. Bd3 {[%emt 0:03:29] Black is weak on the light squares} Be7 26. Ra7 $36 {[%emt 0:01:21][%mdl 2048] White is really pushing.} Qb8 27. Qa4 Ngf8 28. Bd4 {[%emt 0:02:26] This pair of bishops is nice.} Bf6 29. Be3 g6 30. Qa2 Bc3 {[%emt 0:01:05] [#]} 31. c5 $1 Bxb4 (31... Rxe3 $14 32. fxe3 Qe8) 32. c6 $18 Nc5 {[%emt 0:05:56] [#]} (32... bxc6 $16 33. dxc6 Nc5) 33. Bb5 $2 ({Less strong is} 33. Bxc5 Bxc5 34. Rxb7 Qd8 $14) (33. Bh6 $1 $18 {is the precise move to win.} Nxd3 34. cxb7) 33... b6 (33... bxc6 $142 34. Bxc6 Rxe3 35. fxe3 Qb6) 34. Qa1 ({Better is} 34. Rb7 $16 Qd8 35. Bd4) 34... Bc3 35. Qxc3 {[%emt 0:00:16][%cal Oe3h6] Intending Bh6! and mate.} Rxe3 36. Qxe3 Qxa7 37. Qe7 h6 {[%emt 0:00:14] Prevents Ng5} 38. Bf1 {[%emt 0:00:24] aiming for Nd4.} Nb3 {[%emt 0:03:45] Against Nd4} 39. Kh2 (39. h4 {is interesting.} Kg7 40. h5 b5 41. Nh4) 39... b5 40. Bxb5 Qxf2 41. Qxc7 Nd4 $1 42. Nxd4 {[%emt 0:00:06][%cal Oc7d6] Threatens to win with Qxd6!} Qf4+ 43. Kh1 Qc1+ 44. Kh2 Qf4+ 45. g3 Qf2+ (45... Qxd4 $2 46. Bf1 (46. Qxd6 Qb2+ 47. Kg1 Qxb5 $11) 46... Qxd5 47. Bg2 $18) 46. Kh1 Qxd4 $11 {[%emt 0:01:00][%mdl 4096] Endgame KQB-KQN} 47. Bf1 {[%emt 0:00:10] Active counter play!} Qd1 48. Kg1 Qxd5 (48... Qd4+ $2 49. Kh2 Qxd5 50. Bg2 $16) 49. Qb6 Ne6 (49... Qf3 $11) 50. c7 $16 Nxc7 51. Qxc7 Qe5 52. Kh2 Kg7 53. Bg2 h5 54. Qc4 Qb2 55. h4 Qe5 56. Qf4 f6 (56... Qc5 $142 57. Qe4 Qc3) 57. Qf3 f5 $2 (57... Kh6 58. Bf1 Qe6) 58. Qb7+ $18 Kf6 59. Qa8 Kg7 60. Qa4 Kf6 61. Qf4 ({Weaker is} 61. Qa8 Kg7 62. Qb7+ Kf6 $18) 61... Kg7 62. Bf3 Kh7 63. Kh3 Qe6 64. Kh2 $2 (64. Bg2 $18) 64... Qa2+ $2 (64... Qe5 $11 65. Qc4 Qe7) 65. Bg2 Qe6 66. Qc1 Kg7 67. Qc7+ Kh6 68. Qb7 $2 ({White should try} 68. Qb8 $18 Qf6 69. Qb4) 68... f4 $1 $14 69. gxf4 {[%emt 0:00:20] And now Qb2 would win.} Qg4 70. Qf7 (70. Qe4 $16) 70... Qxh4+ $11 {[%emt 0:00:10] The position is equal.} 71. Bh3 {[%emt 0:00:31] Black must now prevent Qf8+.} Qf2+ 72. Bg2 {[%emt 0:00:09] Hoping for Qf6.} Qh4+ 73. Kg1 Qe1+ 74. Bf1 Qg3+ 75. Kh1 {[%emt 0:00:45] Qf8+ would be deadly.} Qe1 76. Qf8+ Kh7 77. Kg2 Qd2+ 78. Kg1 Qe3+ 79. Kh1 Qe1 80. Qf7+ Kh6 81. Qf8+ Kh7 82. Qf7+ Kh6 83. Qf8+ {[%emt 0:00:04] Blacks defense is rewarded with a draw.   Weighted Error Value: White=0.21 (precise) /Black=0.25 (precise)} 1/2-1/2

[Event "Icelandic Chess-ch 2023"]
[Site "Hafnarfjordur"]
[Date "2023.05.24"]
[Round "10.1"]
[White "Ptacnikova, Lenka"]
[Black "Danielsen, Henrik"]
[Result "0-1"]
[ECO "B07"]
[WhiteElo "2099"]
[BlackElo "2501"]
[Annotator "TA"]
[PlyCount "50"]
[EventDate "2023.05.13"]
[EventType "tourn"]
[EventCountry "ISL"]
[SourceTitle "playchess.com"]
[Source "ChessBase"]
[SourceQuality "1"]
[TimeControl "40/5400+30:1800+30"]

1. d4 Nf6 2. Nc3 d6 3. e4 g6 4. Bf4 c6 5. Qd2 Bg7 6. Bh6 Bxh6 7. Qxh6 Qa5 8. O-O-O {[%emt 0:05:21] B07: Pirc Defence: Miscellaneous Systems.} (8. Bd3 $1 $16) 8... Be6 {[%emt 0:00:18] [#]} ({Black should play} 8... b5 $11) 9. d5 Bd7 {[%emt 0:04:56] [#]} (9... cxd5 $11 10. exd5 Bxd5) 10. Kb1 $146 (10. a3 $1 $16) ({Predecessor:} 10. Nf3 b5 11. dxc6 Bxc6 12. e5 Nh5 13. exd6 b4 14. dxe7 Nd7 15. Nb1 Rc8 16. Nd4 Kxe7 {1-0 Vergara Jofre,F (2234)-Sanchez Lopez,J (2088) Barcelona Sant Marti op-A 19th 2017 (8)}) 10... Na6 (10... b5 $1 $11 {keeps the balance.}) 11. f3 b5 12. dxc6 Bxc6 13. Nge2 (13. Nh3 $14) 13... b4 $1 $15 14. Nd5 Nxd5 15. exd5 Bxd5 16. b3 {[%emt 0:05:19] [#]} (16. Nc1 $15 Nc7 17. Bd3) 16... Nc7 $1 $17 17. Nf4 O-O-O 18. h4 (18. Bd3 $17) 18... e5 $19 19. Nh3 Be6 20. Bc4 $2 (20. a4) 20... Bxc4 21. bxc4 Qc5 22. Rhe1 Qxc4 {[%emt 0:00:53] Hoping for ...Nb5.} 23. Re4 Qc5 24. Ng5 $2 (24. Qe3) 24... Nb5 25. Nxf7 Na3+ {[%emt 0:00:13] Weighted Error Value: White=0.98/Black=0.31} 0-1

[Event "Icelandic Chess-ch 2023"]
[Site "Hafnarfjordur"]
[Date "2023.05.24"]
[Round "10.2"]
[White "Domalchuk-Jonasson, Aleksandr"]
[Black "Ragnarsson, Dagur"]
[Result "1/2-1/2"]
[ECO "A34"]
[WhiteElo "2338"]
[BlackElo "2346"]
[Annotator "TA"]
[PlyCount "94"]
[EventDate "2023.05.13"]
[EventType "tourn"]
[EventCountry "ISL"]
[SourceTitle "playchess.com"]
[Source "ChessBase"]
[SourceQuality "1"]
[TimeControl "40/5400+30:1800+30"]

1. c4 c5 2. Nf3 Nc6 3. Nc3 e6 4. g3 Nge7 5. Bg2 d5 6. cxd5 Nxd5 7. Nxd5 Qxd5 8. O-O Be7 9. d3 O-O 10. Bf4 {[%emt 0:01:40][%cal Of3e5] [#] And now Ne5! would win. A34: Symmetrical English: 2 Nc3, lines with ...d5.} Qd8 11. Rc1 {[%emt 0:10:00] [#]} Qb6 $146 ({Predecessor:} 11... Bd7 12. Be3 Qa5 13. a3 Rac8 14. Nd2 b6 15. Nc4 Qa6 16. Bf4 Nd4 17. b3 Bc6 18. Bh3 Rfd8 19. Be5 {½-½ MacKenzie,C (2060)-Humphreys,J (1997) BCF-chT2c 1516 (4NCL) 2015 (11.236)}) 12. Qd2 f6 13. Be3 e5 14. b3 Be6 15. Qb2 Rac8 16. Rb1 a5 17. Rfc1 Nd4 18. Nxd4 exd4 19. Bd2 Qa7 20. Re1 b5 21. e3 Bf5 22. Bd5+ Kh8 23. e4 Bg4 24. Kg2 Qd7 25. f3 Bh3+ 26. Kg1 Be6 27. Bxe6 Qxe6 28. Rbc1 (28. a4 $11) 28... Bd6 (28... a4 $1 $15) 29. Qc2 f5 30. e5 Be7 31. f4 h5 32. Qd1 g6 33. Qe2 ({Much worse is} 33. Bxa5 b4 34. a3 bxa3 $15) (33. a4 $11) 33... Ra8 $17 34. Rb1 b4 35. Rec1 a4 36. Rc2 axb3 37. axb3 Ra3 38. Rcb2 Kg7 39. h4 Kf7 40. Bc1 Rfa8 41. Qc2 Qd5 {[%emt 0:05:50] Threatens to win with ...Qf3.} 42. Qc4 Ke6 (42... Qxc4 $17 43. dxc4 Ra1) 43. Kf2 $11 {[%emt 0:02:15][%cal Bg1f2,Bf2e2,Be2d1][%mdl 32] The position is equal.} Ra1 44. Ke2 R8a2 45. Rxa1 Rxa1 46. Kd1 Qxc4 47. dxc4 Bd8 {[%emt 0:00:10] Weighted Error Value: White=0.11 (very precise) /Black=0.09 (flawless)} 1/2-1/2

[Event "Icelandic Chess-ch 2023"]
[Site "Hafnarfjordur"]
[Date "2023.05.24"]
[Round "10.3"]
[White "Ingvason, Johann"]
[Black "Kjartansson, Gudmundur"]
[Result "1-0"]
[ECO "E16"]
[WhiteElo "2076"]
[BlackElo "2402"]
[Annotator "TA"]
[PlyCount "99"]
[EventDate "2023.05.13"]
[EventType "tourn"]
[EventCountry "ISL"]
[SourceTitle "playchess.com"]
[Source "ChessBase"]
[SourceQuality "1"]
[TimeControl "40/5400+30:1800+30"]

1. d4 d5 2. c4 e6 3. g3 Nf6 4. Bg2 Bb4+ 5. Nd2 O-O 6. Ngf3 b6 7. O-O Bb7 8. a3 Be7 9. cxd5 exd5 10. b4 {[%emt 0:00:16] E16: Queen's Indian: 4 g3 Bb7 5 Bg2 Bb4+.} Nbd7 11. Bb2 c5 12. dxc5 {[%emt 0:00:05] The position is equal.} bxc5 13. bxc5 Nxc5 14. Nd4 Qd7 {[%emt 0:05:33] [#]} 15. a4 $146 ({Predecessor:} 15. Rb1 Nfe4 16. N4b3 Rfd8 17. Nxc5 Bxc5 18. Nxe4 dxe4 19. Qb3 Bd5 20. Qc3 Bf8 21. Rfd1 Qe6 22. Qe3 a5 {½-½ Vescovi,G (2490)-Lima,D (2420) BRA-ch playoff 1997 (1)}) 15... Rfc8 16. Ba3 Nxa4 17. Bxe7 Nc3 18. Qb3 Qxe7 19. Rfc1 Nce4 20. Rxc8+ (20. Nf5 {with more complications.} Qe5 21. Nxe4 dxe4 22. Nh6+) 20... Bxc8 21. Nxe4 dxe4 22. e3 h5 23. h4 (23. Qc3 $11) 23... a5 $15 24. Qb5 Bd7 25. Qb7 Qe8 26. Bf1 Rb8 27. Qa7 a4 28. Bc4 Qf8 ({Black should play} 28... Qc8 $17 29. Rc1 Qb7) 29. Ne2 (29. Bd5 $1 $15) 29... Qb4 {[%emt 0:03:09] ...Rc8 would be deadly.} 30. Nf4 Qb6 (30... Qb2 $142 31. Rd1 Be8) 31. Rxa4 $17 Bxa4 32. Bxf7+ {[%emt 0:03:43] [#]} Kh7 $1 {[%emt 0:01:39] ( -> ...Qb1+)} 33. Qxa4 {[%emt 0:00:11] [#]} Kh6 ({Black should try} 33... Qb5 $1 $17 34. Qxb5 Rxb5) 34. Kg2 $1 $11 Qc5 {[%emt 0:01:32] Threatens to win with ...Rb2.} 35. Bg6 $2 (35. Qa2 $11) 35... Qe5 $2 (35... Rb2 $19 36. Bxh5 (36. Bxe4 $2 {loses.} Qxe3 37. Bc2 Qd2 $19) (36. Qa8 $2 Rxf2+ 37. Kh3 Rxf4 $19) 36... Nxh5 37. Qxe4 Nxf4+ 38. Qxf4+ Kg6 39. Qg4+ Kf6 40. Qf4+ Ke6 41. Qe4+ Qe5) 36. Qa6 Rd8 (36... Rb1 $11) 37. Bxh5 $16 {[%emt 0:02:24] Black must now prevent g4.} Qd6 (37... Rd6 $2 38. Qc8 Nh7 39. Bf7 $18) 38. Qe2 Qc6 $2 (38... Nd5 $16) 39. g4 $2 (39. Bg6 $18 {Hoping for g4.} Qd7 40. Bxe4) 39... g5 $2 (39... Nxh5 $16 40. g5+ {[%mdl 64] Zwischenzug} Kh7 41. g6+ (41. Qxh5+ Kg8 $16) (41. Nxh5 Qe6 $14) 41... Kg8 42. Qxh5 Qf6 43. Qh7+ Kf8) 40. hxg5+ $18 Kxg5 41. Qb2 {[%emt 0:17:33] Intending Qe5+ and mate.} Rd5 {[%emt 0:20:33] Against Qe5+} 42. Qb8 Qd6 43. Qh8 Qe7 44. Nxd5 (44. Kg3 $142 Qc7 45. Bf7 Nh5+ 46. Qxh5+ (46. gxh5 Qxf7 47. Qa8 Rf5 $16) 46... Kf6 47. Qg6+ Ke7 48. Qe6+ Kf8 49. Qe8+ Kg7 50. Bxd5) 44... Nxd5 {[%emt 0:00:11][%mdl 4096] Endgame KQB-KQN. White is clearly winning.} 45. Qg8+ Kh4 46. Qxd5 Qf6 47. Qxe4 Qe5 48. Qf3 Qd5 49. e4 Qd2 50. Qf6+ {[%emt 0:00:35] Artfully played by Ingvason.   Weighted Error Value: White=0.36/Black=0.63} 1-0